 Dungeon Crawl Stone Soup version 0.26.0-45-g9c1d065592 (webtiles) character file.

Game seed: 2769674963862595577

(classic levelgen) 16 thiole the Magician (level 2, 0/19 HPs)
             Began as an Octopode Hedge Wizard on Jan 28, 2021.
             Killed from afar by an orc wizard (7 damage)
             ... with a magic dart
             ... on level 2 of the Dungeon.
             The game lasted 00:01:57 (1127 turns).

thiole the Magician (Octopode Hedge Wizard)         Turns: 1127, Time: 00:01:58

Health: 0/19       AC:  1    Str:  9    XL:     2   Next: 54%
Magic:  1/6        EV: 13    Int: 16    God:
Gold:   160        SH:  0    Dex: 11    Spells: 6/7 levels left

rFire    . . .     SeeInvis .   a - +0 dagger
rCold    . . .     Faith    .   (no shield)
rNeg     . . .     Spirit   .   b - +0 hat
rPois    .         Reflect  .   (no amulet)
rElec    .         Harm     .   (no ring)
rCorr    .         Rampage  .   (no ring)
Will     .....                  (no ring)
Stlth    +++.......             (no ring)
HPRegen  0.06/turn              (no ring)
MPRegen  0.10/turn              (no ring)
                                (no ring)
                                (no ring)

@: no status effects
A: almost no armour, stealthy swim, amphibious, 8 rings, constrict 8, camouflage
1, gelatinous body 1
a: no special abilities


You were on level 2 of the Dungeon.
You visited 1 branch of the dungeon, and saw 2 of its levels.

You collected 160 gold pieces.

Inventory:

Hand Weapons
 a - a +0 dagger (weapon)
Missiles
 m - 31 stones
 n - 15 arrows
Armour
 b - a +0 hat (worn)
Scrolls
 c - a scroll of teleportation
 e - a scroll of enchant weapon {unknown}
 g - a scroll of remove curse {unknown}
 h - a scroll of enchant armour {unknown}
 i - 4 scrolls of blinking {unknown}
 k - a scroll of fear {unknown}
Potions
 d - a potion of lignification
 f - a potion of ambrosia {unknown}


   Skills:
 - Level 2.0 Fighting
 - Level 2.0 Dodging
 - Level 2.6 Stealth
 - Level 3.0 Spellcasting
 - Level 1.0 Conjurations
 + Level 1.2 Summonings
 - Level 1.0 Translocations


You had 6 spell levels left.
You knew the following spells:

 Your Spells              Type           Power        Failure   Level
a - Magic Dart            Conj           20%          12%         1

Your spell library contained the following spells:

 Spells                   Type           Power        Failure   Level
 Call Imp                 Summ           6%           17%         2
 Blink                    Tloc           N/A          19%         2
 Slow                     Hex            2%           28%         2
 Conjure Flame            Conj/Fire      4%           41%         3
 Mephitic Cloud           Conj/Pois/Air  3%           43%         3


Dungeon Overview and Level Annotations

Branches:
Dungeon (2/15)

Altars:


Innate Abilities, Weirdness & Mutations

You cannot wear most types of armour.
You are very stealthy in the water. (Stealth+)
You are amphibious.
You can wear up to eight rings at the same time.
You can use your tentacles to constrict eight enemies at once.
Your skin changes colour to match your surroundings (Stealth+).
Your rubbery body absorbs attacks. (AC +1, EV +1)


Message History

You closely miss the orc wizard. You grab the orc wizard.
The orc wizard is lightly wounded.
You constrict the orc wizard, but do no damage.
The orc wizard barely misses you.
You hit the orc wizard.
The orc wizard is moderately wounded.
You constrict the orc wizard.
The orc wizard hits you with a +0 dagger.
You hit the orc wizard but do no damage.
You squeeze the orc wizard.
The orc wizard is severely wounded.
You constrict the orc wizard. The orc barely misses you.
The orc wizard barely misses you.
You hit the orc wizard.
The orc wizard is almost dead.
You constrict the orc wizard, but do no damage.
The orc hits you with a +0 falchion!
The orc wizard points at you and mumbles some strange words.
The magic dart hits you!
You die...

###
###########)##########
...........o@.........
)..........o##########
#######.#..o†...g..
#.....<#.#.#......
###.####.#.#.##### ..
..#.# # ## .#.#.# #.
#.# . ...


You could see an orc wizard and 2 orcs.

Vanquished Creatures
  A leopard gecko (D:1)
  An orc (D:2)
  A bat (D:1)
  4 hobgoblins
  A goblin (D:1)
  4 kobolds (D:1)
  A rat (D:1)
13 creatures vanquished.

Vanquished Creatures (others)
  3 toadstools (D:1)
3 creatures vanquished.

Grand Total: 16 creatures vanquished

Notes
Turn   | Place    | Note
-------+----------+-------------------------------------------
     0 | D:1      | thiole the Octopode Hedge Wizard began the quest for the
                  | Orb.
     0 | D:1      | Reached XP level 1. HP: 11/11 MP: 4/4
   197 | D:1      | Reached skill level 1 in Fighting
   211 | D:1      | Reached XP level 2. HP: 1/18 MP: 0/6
  1127 | D:2      | Killed from afar by an orc wizard

Illustrated notes

Levels and vault maps discovered:
D:1:      dpeg_arrival_round_b, layout_basic, minmay_gold_behind_fungi
D:2:      layout_basic, nicolae_overflow_crystal_walls

Skill      XL: |  1  2 |
---------------+-------+-----
Fighting       | 1 2 |  2.0
Dodging        | |  2.0
Stealth        | |  2.6
Spellcasting   | |  3.0
Conjurations   | |  1.0
Summonings     | |  1.2
Translocations | |  1.0

Action                   || total
-------------------------++-------
Melee: Dagger            ||    19
       Constrict         ||     4
       Tentacles         ||     3
 Cast: Magic Dart        ||    21
  Use: Scroll            ||     4
Dodge: Dodged            ||    16
